 Dungeon Crawl Stone Soup version 0.29-a0-542-g075992c915 (webtiles) character file.

Game seed: 11693517552844619560

1038 croobank the Covert (level 8, -7/67 HPs)
             Began as a Gnoll Delver on June 4, 2022.
             Was an Initiate of Gozag.
             Mangled by Pikel
             ... wielding a +2 whip of electrocution
              (9 damage)
             ... on level 4 of the Dungeon.
             The game lasted 00:43:39 (7203 turns).

croobank the Covert (Gnoll Delver)                  Turns: 7203, Time: 00:43:40

Health: -7/67      AC: 12    Str: 15    XL:     8   Next: 24%
Magic:  12/12      EV: 12    Int: 15    God:    Gozag
Gold:   232        SH:  0    Dex: 21    Spells: 3/13 levels left

rFire   . . .      SeeInvis +   v - +0 halberd
rCold   . . .      Faith    .   (shield currently unavailable)
rNeg    . . .      Spirit   .   u - +0 scale mail
rPois   .          Reflect  .   (no helmet)
rElec   .          Harm     .   o - +0 cloak
rCorr   +          Rampage  .   e - +2 pair of gloves
Will    .....                   (no boots)
Stlth   +++.......              (no amulet)
HPRegen 0.21/turn               a - ring of Vicvaidi {rCorr Str+4 Int+2 SInv}
MPRegen 0.13/turn               d - +6 ring of dexterity

@: no status effects
A: fangs 1, strong nose, distributed training, agile 1, shaggy fur 1
a: Renounce Religion, Potion Petition, Call Merchant, Bribe Branch


You were on level 4 of the Dungeon.
You worshipped Gozag.
Gozag was aware of your devotion.
You visited 2 branches of the dungeon, and saw 6 of its levels.

You collected 355 gold pieces.
You paid 123 gold pieces to Gozag.

Inventory:

Hand Weapons
 b - a +0 hunting sling
 f - a +0 war axe
 i - a +0 whip
 q - a +1 dagger of speed
 t - a +0 trident
 v - a +0 halberd (weapon)
Missiles
 j - 121 stones (quivered)
 r - 3 javelins
Armour
 e - a +2 pair of gloves (worn)
 n - a +1 leather armour
 o - a +0 cloak (worn)
 p - a +0 robe
 u - a +0 scale mail (worn)
Magical Staves
 k - a staff of death
Jewellery
 a - the ring of Vicvaidi (left hand) {rCorr Str+4 Int+2 SInv}
   (You found it on level 5 of the Dungeon)

   [ring of resist corrosion]

   Str:       It affects your strength (+4).
   Int:       It affects your intelligence (+2).
   SInv:      It lets you see invisible.
   rCorr:     It protects you from acid and corrosion.
 d - a +6 ring of dexterity (right hand)
 h - a +6 ring of intelligence
 w - a +6 ring of intelligence
Wands
 g - a wand of digging (3)
Scrolls
 c - 2 scrolls of fog
 x - a scroll of identify
Potions
 s - 2 potions of mutation


   Skills:
 + Level 7.3 Fighting
 + Level 3.1 Short Blades
 + Level 3.1 Long Blades
 + Level 5.6 Axes
 + Level 3.1 Maces & Flails
 + Level 3.1 Polearms
 + Level 3.1 Staves
 + Level 3.1 Slings
 + Level 3.1 Bows
 + Level 3.1 Crossbows
 + Level 3.1 Throwing
 + Level 3.1 Armour
 + Level 5.6 Dodging
 + Level 10.1 Stealth
 + Level 3.1 Shields
 + Level 3.1 Unarmed Combat
 + Level 3.1 Spellcasting
 + Level 2.5 Conjurations
 + Level 2.5 Hexes
 + Level 2.5 Summonings
 + Level 2.5 Necromancy
 + Level 2.5 Translocations
 + Level 2.5 Transmutations
 + Level 2.5 Fire Magic
 + Level 2.5 Ice Magic
 + Level 2.5 Air Magic
 + Level 2.5 Earth Magic
 + Level 2.5 Poison Magic
 + Level 3.4 Invocations
 + Level 3.1 Evocations


You had 3 spell levels left.
You knew the following spells:

 Your Spells              Type           Power      Damage    Failure   Level
a - Conjure Flame         Conj/Fire      9%         6-21      63%         3
b - Teleport Other        Tloc           9%         N/A       63%         3
c - Sticky Flame          Conj/Fire      9%         2d3       95%         4

Your spell library contained the following spells:

 Spells                   Type           Power      Damage    Failure   Level
 Gell's Gravitas          Tloc           9%         N/A       63%         3
 Ignite Poison            Fire/Tmut/Pois 9%         N/A       63%         3
 Lesser Beckoning         Tloc           9%         N/A       63%         3


Dungeon Overview and Level Annotations

Branches:
Dungeon (5/15)             Temple (1/1) D:5

Altars:
Ashenzari
Cheibriados
Dithmenos
Elyvilon
Fedhas
Gozag
Hepliaklqana
Kikubaaqudgha
Makhleb
Nemelex Xobeh
Okawaru
Qazlal
Ru
Sif Muna
Trog
Uskayaw
Vehumet
Wu Jian
Xom
Yredelemnul
Zin
The Shining One

Annotations:
D:3 3 runed translucent doors, Sigmund
D:4 Pikel
D:5 1 transporter, Edmund; dolemite99's ghost, amateur HOGl


Innate Abilities, Weirdness & Mutations

You have very sharp teeth.
Your uncanny sense of smell can sniff out nearby items.
Your experience applies equally to all skills.
You are agile. (Dex +2)
You are covered in fur. (AC +1)


Message History

Pikel is lightly wounded.
Pikel hits you with a +2 whip of electrocution!
You are electrocuted!
You hit Pikel.
Pikel is moderately wounded.
Pikel closely misses you. Pikel misses you.
You hit Pikel but do no damage.
Pikel is moderately wounded.
Pikel hits you with a +2 whip of electrocution.
Pikel attacks as you move away! Pikel hits you but does no damage.
Pikel attacks as you move away!
Pikel hits you with a +2 whip of electrocution.
Pikel says, "You'll feel the lick of my whip!"
You closely miss Pikel.
Pikel is moderately wounded.
Pikel hits you with a +2 whip of electrocution.
You are electrocuted!
* * * LOW HITPOINT WARNING * * *
Okay, then.
Okay, then.
You are too injured to fight recklessly!
You barely miss Pikel.
Pikel is moderately wounded.
Pikel looks more healthy.
Pikel scowls and wipes his hands on his robe.
Pikel hits you with a +2 whip of electrocution.
* * * LOW HITPOINT WARNING * * *
You are electrocuted!
* * * LOW HITPOINT WARNING * * *
Pikel hits you with a +2 whip of electrocution.
* * * LOW HITPOINT WARNING * * *
Pikel attacks as you move away!
Pikel hits you with a +2 whip of electrocution.
* * * LOW HITPOINT WARNING * * *
Pikel attacks as you move away!
Pikel hits you with a +2 whip of electrocution.
* * * LOW HITPOINT WARNING * * *
You are electrocuted!
You die...
Your body crumbles into a pile of gold.

รทรท#.####.##....*
#.....# #### ##..#
#.##.#.#* #.....# #...#
#.##.#.# #.....# #.#.#
#....#.####.....# ..#.#
##.[..).#........#
###.###..###....##.....#
# #.....#####....#.....#
#####..###.......#.....#
.# ##..###......@.##.###
.###....##<..)..#K##.#
...#.##.#########..#.#
.#...##.# ##.#.#
.#..###.## #...#
....###..###### ##..#
##............# #..#
..............# #..#
.##...........###
#.##*****


You could see Pikel.

Vanquished Creatures
  Menkaure (D:4)
  An ogre (D:4)
  4 lemures (D:3)
  A phantom (D:4)
  2 necrophages
  A gnoll sergeant (D:5)
  2 howler monkeys (D:5)
  A hound (D:4)
  A jelly (D:4)
  2 iguanas (D:5)
  Natasha (thrice) (D:3)
  An orc wizard (D:4)
  7 gnolls
  7 adders
  A dart slug (D:2)
  12 orcs
  5 ball pythons
  4 endoplasms
  5 giant cockroaches
  9 goblins
  4 hobgoblins
  7 jackals
  7 kobolds
  2 quokkas (D:4)
  4 bats
  4 frilled lizards
  2 rats
100 creatures vanquished.

Vanquished Creatures (collateral kills)
  A scorpion (D:4)
  An endoplasm (D:4)
  A quokka (D:4)
3 creatures vanquished.

Vanquished Creatures (others)
  5 plants (D:5)
5 creatures vanquished.

Grand Total: 108 creatures vanquished

Notes
Turn   | Place    | Note
-------+----------+-------------------------------------------
     0 | D:5      | Reached skill level 9 in Stealth
     0 | D:5      | croobank the Gnoll Delver began the quest for the Orb.
     0 | D:5      | Reached XP level 1. HP: 23/23 MP: 1/1
    18 | D:5      | Noticed an iguana
    41 | D:4      | Noticed a necrophage
    48 | D:4      | Noticed an ogre
   133 | D:2      | Reached XP level 2. HP: 19/29 MP: 2/2
   531 | D:2      | Found a snail-covered altar of Cheibriados.
   608 | D:1      | Reached XP level 3. HP: 35/35 MP: 3/3
   972 | D:1      | Found a faded altar of an unknown god.
  1271 | D:2      | Reached skill level 1 in Invocations
  2038 | D:3      | Noticed Natasha
  2056 | D:3      | Killed Natasha
  2057 | D:3      | Reached skill level 1 in Short Blades
  2057 | D:3      | Reached skill level 1 in Long Blades
  2057 | D:3      | Reached skill level 1 in Maces & Flails
  2057 | D:3      | Reached skill level 1 in Polearms
  2057 | D:3      | Reached skill level 1 in Staves
  2057 | D:3      | Reached skill level 1 in Slings
  2057 | D:3      | Reached skill level 1 in Bows
  2057 | D:3      | Reached skill level 1 in Crossbows
  2057 | D:3      | Reached skill level 1 in Throwing
  2057 | D:3      | Reached skill level 1 in Armour
  2057 | D:3      | Reached skill level 1 in Shields
  2057 | D:3      | Reached skill level 1 in Unarmed Combat
  2057 | D:3      | Reached skill level 1 in Spellcasting
  2057 | D:3      | Reached skill level 1 in Evocations
  2057 | D:3      | Reached XP level 4. HP: 28/41 MP: 5/5
  2187 | D:3      | Noticed Natasha
  2212 | D:3      | Killed Natasha
  2213 | D:3      | Reached skill level 1 in Conjurations
  2213 | D:3      | Reached skill level 1 in Hexes
  2213 | D:3      | Reached skill level 1 in Summonings
  2213 | D:3      | Reached skill level 1 in Necromancy
  2213 | D:3      | Reached skill level 1 in Translocations
  2213 | D:3      | Reached skill level 1 in Transmutations
  2213 | D:3      | Reached skill level 1 in Fire Magic
  2213 | D:3      | Reached skill level 1 in Ice Magic
  2213 | D:3      | Reached skill level 1 in Air Magic
  2213 | D:3      | Reached skill level 1 in Earth Magic
  2213 | D:3      | Reached skill level 1 in Poison Magic
  2260 | D:3      | Noticed Natasha
  2500 | D:3      | Noticed Sigmund
  2540 | D:3      | Reached XP level 5. HP: 47/47 MP: 6/6
  2762 | D:4      | Killed an ogre
  2763 | D:4      | Reached XP level 6. HP: 37/53 MP: 8/8
  2924 | D:4      | Reached skill level 5 in Axes
  2924 | D:4      | Reached skill level 5 in Dodging
  3254 | D:4      | Gained mutation: You are covered in fur. (AC +1) [potion of
                  | mutation]
  3254 | D:4      | Gained mutation: You are agile. (Dex +2) [potion of
                  | mutation]
  3260 | D:4      | Reached XP level 7. HP: 25/59 MP: 10/10
  3530 | D:4      | Noticed Menkaure
  3546 | D:3      | Killed Natasha
  3742 | D:3      | Found a runed translucent gate.
  3742 | D:3      | Found a runed translucent gate.
  3743 | D:3      | Found a runed translucent gate.
  4006 | D:4      | Killed Menkaure
  4292 | D:4      | Noticed Pikel
  4543 | D:3      | Learned a level 3 spell: Conjure Flame
  4547 | D:3      | Learned a level 3 spell: Teleport Other
  4552 | D:3      | Learned a level 4 spell: Sticky Flame
  5474 | D:5      | Found a staircase to the Ecumenical Temple.
  5481 | Temple   | Entered the Ecumenical Temple
  5588 | Temple   | Became a worshipper of Gozag Ym Sagoz the Greedy
  5810 | D:5      | Reached skill level 10 in Stealth
  6277 | D:5      | Reached XP level 8. HP: 44/67 MP: 12/12
  6498 | D:5      | Identified the ring of Vicvaidi {rCorr Str+4 Int+2 SInv}
  6702 | D:5      | Found a transporter.
  6709 | D:5      | Noticed dolemite99's ghost (amateur HOGl)
  6721 | D:5      | Identified the ring of Crawling {rF+ SInv}
  6771 | D:5      | Noticed Edmund
  6794 | D:5      | HP: 3/67 [poisoned by Edmund]
  7203 | D:4      | HP: 2/67 [Pikel/+2 whip of electrocution (2)]
  7203 | D:4      | Mangled by Pikel

Illustrated notes

Levels and vault maps discovered:
D:1:      scummos_arrival_simple_fountains, layout_loops_ring,
          ebering_ecumenical_altar_rust, hex_large
D:2:      layout_basic, basic_altar
D:3:      layout_loops_ring, gammafunk_ghost_icy, uniq_crazy_yiuf_cottage,
          uniq_natasha, uniq_sigmund
D:4:      layout_rooms, cheibriados_altar_1, hangedman_feature_mirror,
          minmay_diced_spiral, uniq_pikel, uniq_robin, uniq_menkaure
D:5:      layout_basic, temple_fountains, gammafunk_ghost_gnarly_gnolls,
          uniq_edmund, uniq_blork_the_orc, uniq_prince_ribbit1
Temple:   mainiacjoe_temple_circle_huts

Skill      XL: |  1  2  3  4  5  6  7  8 |
---------------+-------------------------+-----
Stealth        | 10 | 10.1
Invocations    | 1 2 3 |  3.4
Short Blades   | 1 2 3 |  3.1
Long Blades    | 1 2 3 |  3.1
Maces & Flails | 1 2 3 |  3.1
Polearms       | 1 2 3 |  3.1
Staves         | 1 2 3 |  3.1
Slings         | 1 2 3 |  3.1
Bows           | 1 2 3 |  3.1
Crossbows      | 1 2 3 |  3.1
Throwing       | 1 2 3 |  3.1
Armour         | 1 2 3 |  3.1
Shields        | 1 2 3 |  3.1
Unarmed Combat | 1 2 3 |  3.1
Spellcasting   | 1 2 3 |  3.1
Evocations     | 1 2 3 |  3.1
Conjurations   | 1 2 |  2.5
Hexes          | 1 2 |  2.5
Summonings     | 1 2 |  2.5
Necromancy     | 1 2 |  2.5
Translocations | 1 2 |  2.5
Transmutations | 1 2 |  2.5
Fire Magic     | 1 2 |  2.5
Ice Magic      | 1 2 |  2.5
Air Magic      | 1 2 |  2.5
Earth Magic    | 1 2 |  2.5
Poison Magic   | 1 2 |  2.5
Axes           | 5 |  5.6
Dodging        | 5 |  5.6
Fighting       | 7 |  7.3

Action                   |  1- 3 |  4- 6 |  7- 9 || total
-------------------------+-------+-------+-------++-------
Melee: Hand axe          |    40 |       |       ||    40
       Bite              |    12 |    18 |    36 ||    66
       Dagger            |    80 |    17 |    53 ||   150
       Punch             |     1 |     4 |     5 ||    10
       Trident           |       |   101 |   212 ||   313
       Halberd           |       |       |    17 ||    17
Throw: Dart              |       |       |     3 ||     3
       Stone             |       |       |     2 ||     2
 Cast: Teleport Other    |       |       |     4 ||     4
       Conjure Flame     |       |       |     2 ||     2
  Use: Scroll            |     6 |     3 |     4 ||    13
       Potion            |     1 |     3 |     1 ||     5
 Stab: Sleeping          |     8 |     5 |    10 ||    23
       Distracted        |       |     3 |     2 ||     5
Armor: Leather armour    |    21 |     6 |       ||    27
       Skin              |       |     4 |       ||     4
       Scale mail        |       |    37 |    66 ||   103
       Robe              |       |       |    15 ||    15
Dodge: Dodged            |    60 |    53 |   151 ||   264

Table legend: (Time is in decaauts)
 A = Elapsed time spent in this place.
 B = Non-inter-level travel time spent in this place.
 C = Inter-level travel time spent in this place.
 D = Time resting spent in this place.
 E = Time spent auto-exploring this place.
 F = Levels seen in this place.
 G = Mean time per level.
                   A        B        C        D        E       F      G
               +--------+--------+--------+--------+--------+-----+--------+
         Total |   7225 |   7012 |    213 |   3025 |   2365 |   6 | 1204.2 |
       Dungeon |   6907 |   6723 |    184 |   3025 |   2106 |   5 | 1381.4 |
        Temple |    318 |    289 |     29 |      0 |    259 |   1 |  318.0 |
               +--------+--------+--------+--------+--------+-----+--------+

Top non-repeatable levels by time:
     D:4: 1979 daAuts
     D:3: 1976 daAuts
     D:2: 1496 daAuts
     D:5: 817 daAuts
     D:1: 637 daAuts
  Temple: 318 daAuts
